Islanders vs Senateurs
Created - April 15, 2025 at 19:41
Goals
|
| Islanders |
0 |
1 |
1 |
1 |
3 |
| Senateurs |
0 |
2 |
0 |
0 |
2 |
|
Shots
|
| Islanders |
3 |
15 |
2 |
5 |
25 |
| Senateurs |
6 |
17 |
9 |
1 |
33 |
|
1st period
No Goal
Penalties :
Alex Iafallo (Ott) for High sticking (Minor) at 0:42
2nd period
1. Senateurs , Alex Iafallo 26 (Nick Bjugstad 52) at 2:20
2. Senateurs , Quinton Howden 17 (Zach Bogosian 27, Jake Gardiner 19) at 6:14
3. Islanders , Ryan Ellis 12 (Brandon Sutter 26, Garnet Hathaway 16) at 12:37
Penalties :
Garnet Hathaway (NyI) for Roughing (Minor) at 13:46, Alex Iafallo (Ott) for Hooking (Minor) at 19:11
3rd period
4. Islanders , Kellan Lain 11 (Yann Sauvé 15, Nikita Zadorov 15) at 10:40
Penalties :
Garnet Hathaway (NyI) for High sticking (Minor) at 2:53
Overtime #1
5. Islanders , Brandon Sutter 17 (Michael Latta 8) at 4:44
Penalties :
No Penalty
Goalie Stats
John Gibson (NyI), 31 saves from 33 shots - (0.939), W, 23-24-5, 64:44 minutes
Mikko Koskinen (Ott), 22 saves from 25 shots - (0.880), OTL, 19-7-1, 64:44 minutes
Players Stats for Islanders
Player Name G A P +/- PIM S H SB GA TA FO MP PP MP PK MP
------------------------------------------------------------------------------------
Brandon Sutter 1 1 2 3 0 4 1 3 0 1 4/11 19:23 1:58 1:39
Brayden Schenn 0 0 0 -1 0 3 1 1 1 0 18/34 25:15 2:00 2:05
Brian Ferlin 0 0 0 0 0 0 2 0 1 0 0/0 7:26 0:00 0:00
Brock McGinn 0 0 0 -1 0 3 0 1 1 0 1/1 24:04 2:00 2:05
Dylan McIlrath 0 0 0 0 0 0 2 0 0 0 0/0 12:26 0:00 0:00
Emerson Etem 0 0 0 -1 0 1 3 0 0 0 1/1 13:09 0:00 1:09
Gabriel Carlsson 0 0 0 0 0 1 0 2 0 0 0/0 12:26 0:00 0:00
Garnet Hathaway 0 1 1 2 4 0 0 1 0 0 1/1 15:58 1:58 0:00
Jamie Arniel 0 0 0 0 0 0 1 0 0 1 0/2 7:40 0:00 0:14
Jason Akeson 0 0 0 -1 0 0 1 0 0 0 0/0 12:00 0:00 0:00
Kellan Lain 1 0 1 2 0 1 0 0 0 0 2/2 18:07 1:58 0:44
Kevin Shattenkirk 0 0 0 -1 0 2 1 0 1 1 0/0 28:02 2:55 2:11
Michael Latta 0 1 1 0 0 1 1 0 0 0 3/6 13:07 0:00 0:00
Nikita Zadorov 0 1 1 2 0 2 3 6 1 2 0/0 20:45 1:03 1:47
Ryan Ellis 1 0 1 -1 0 3 2 1 0 1 0/0 29:22 2:55 2:11
Sergei Plotnikov 0 0 0 0 0 0 0 1 0 0 0/0 7:26 0:00 0:00
Vladimir Tarasenko 0 0 0 -1 0 4 0 1 2 0 0/0 22:55 2:00 0:00
Yann Sauvé 0 1 1 1 0 0 2 4 0 0 0/0 20:41 1:03 1:47
Players Stats for Senateurs
Player Name G A P +/- PIM S H SB GA TA FO MP PP MP PK MP
------------------------------------------------------------------------------------
Adam Henrique 0 0 0 -1 0 4 2 0 1 0 11/15 18:05 2:02 0:19
Alex Iafallo 1 0 1 -1 4 3 1 0 0 0 1/4 20:10 1:56 0:00
Anton Lindholm 0 0 0 0 0 2 0 0 0 0 0/0 14:55 0:00 1:50
Brendan Smith 0 0 0 0 0 1 2 0 0 0 0/0 14:34 0:00 2:08
Christoph Bertschy 0 0 0 0 0 2 2 0 0 0 0/2 9:57 0:00 1:15
Eric Gelinas 0 0 0 -2 0 1 3 2 0 0 0/0 18:28 1:38 0:00
Jake Gardiner 0 1 1 2 0 0 2 1 0 0 0/0 24:58 2:20 0:00
Jared Cowen 0 0 0 -2 0 2 3 2 1 1 0/0 24:23 1:38 1:50
Jeremy Morin 0 0 0 0 0 1 0 0 0 1 0/0 9:12 0:00 0:17
Jesse Puljujarvi 0 0 0 -1 0 1 4 0 0 2 0/1 19:29 2:01 0:00
Jordan Martinook 0 0 0 1 0 1 1 2 0 1 0/1 13:36 0:00 1:15
Michael Frolik 0 0 0 0 0 2 0 1 1 0 1/1 16:58 1:56 0:00
Nick Bjugstad 0 1 1 -2 0 5 2 0 0 0 13/23 21:44 1:56 0:00
Quinton Howden 1 0 1 1 0 2 0 0 0 0 1/7 14:56 0:00 2:24
Richard Panik 0 0 0 1 0 4 3 0 0 0 0/1 15:29 0:01 2:26
Riley Sheahan 0 0 0 0 0 1 0 0 1 0 1/3 10:29 0:00 0:00
Zach Bogosian 0 1 1 1 0 1 3 2 2 1 0/0 27:26 2:20 2:08
Zachary Sanford 0 0 0 0 0 0 0 0 0 1 0/0 15:23 2:02 0:00
3 Stars
1 - Brandon Sutter (NyI)
2 - Nikita Zadorov (NyI)
3 - Kellan Lain (NyI)
Power Play
Islanders - 0 on 2 Attempt(s) - 0.00%
Senateurs - 0 on 2 Attempt(s) - 0.00%
Penalty Kill
Islanders - 2 on 2 Attempt(s) - 100.00%
- Score 0 goal in Penalty Kill
Senateurs - 2 on 2 Attempt(s) - 100.00%
- Score 0 goal in Penalty Kill
Team Stat
Islanders - Hits : 20 - Faceoff Wins : 30 - Blocked Shots : 21 - Penalty Minutes : 4
Senateurs - Hits : 28 - Faceoff Wins : 28 - Blocked Shots : 10 - Penalty Minutes : 4
Official
Referees : Graham Skilliter and Corey Syvret
Linesman : Steve Miller and Bevan Mills
Game Notes
No Game Note
Finance
Level 1 -- Attendance: 5659 (94.32%) -- Ticket Income $565,900
Level 2 -- Attendance: 4886 (97.72%) -- Ticket Income $342,020
Level 3 -- Attendance: 2000 (100.00%) -- Ticket Income $80,000
Level 4 -- Attendance: 4000 (100.00%) -- Ticket Income $120,000
Luxury Box -- Attendance: 1000 (100.00%) -- Ticket Income $200,000
Game was played at the Centre Canadian Tire.
Total Attendance: 17545 (97.47%)
Total Ticket Income: $1,307,920
Other Income: $196,188
Total Income: $1,504,108
Islanders
5 vs 5 Forward
Center Left Wing Right Wing Time % Phy DF OF
1 Brayden Schenn Brock McGinn Vladimir Tarasenko 40 1 2 2
2 Brandon Sutter Kellan Lain Garnet Hathaway 30 1 2 2
3 Michael Latta Emerson Etem Jason Akeson 20 1 2 2
4 Jamie Arniel Sergei Plotnikov Brian Ferlin 10 1 2 2
5 vs 5 Defense
Defense Defense Time % Phy DF OF
1 Ryan Ellis Kevin Shattenkirk 40 1 2 2
2 Nikita Zadorov Yann Sauvé 30 1 2 2
3 Dylan McIlrath Gabriel Carlsson 20 1 2 2
4 Ryan Ellis Kevin Shattenkirk 10 1 2 2
PowerPlay Forward
Center Left Wing Right Wing Time % Phy DF OF
1 Brayden Schenn Brock McGinn Vladimir Tarasenko 60 1 2 2
2 Brandon Sutter Kellan Lain Garnet Hathaway 40 1 2 2
PowerPlay Defense
Defense Defense Time % Phy DF OF
1 Ryan Ellis Kevin Shattenkirk 60 1 2 2
2 Nikita Zadorov Yann Sauvé 40 1 2 2
Penalty Kill 4 Players Forward
Center Wing Time % Phy DF OF
1 Brayden Schenn Brock McGinn 60 1 2 2
2 Brandon Sutter Kellan Lain 40 1 2 2
Penalty Kill 4 Players Defense
Defense Defense Time % Phy DF OF
1 Ryan Ellis Kevin Shattenkirk 60 1 2 2
2 Nikita Zadorov Yann Sauvé 40 1 2 2
Penalty Kill - 3 Players Forward
Forward Time % Phy DF OF
1 Brayden Schenn 60 1 2 2
2 Brandon Sutter 40 1 2 2
Penalty Kill - 3 Players Defense
Defense Defense Time % Phy DF OF
1 Ryan Ellis Kevin Shattenkirk 60 1 2 2
2 Nikita Zadorov Yann Sauvé 40 1 2 2
4 vs 4 Forward
Center Wing Time % Phy DF OF
1 Brayden Schenn Brock McGinn 60 1 2 2
2 Brandon Sutter Kellan Lain 40 1 2 2
4 vs 4 Defense
Defense Defense Time % Phy DF OF
1 Ryan Ellis Kevin Shattenkirk 60 1 2 2
2 Nikita Zadorov Yann Sauvé 40 1 2 2
Last Minutes Offensive
Center Left Wing Right Wing Defense Defense
Brayden Schenn Brock McGinn Vladimir Tarasenko Ryan Ellis Kevin Shattenkirk
Last Minutes Defensive
Center Left Wing Right Wing Defense Defense
Brayden Schenn Brock McGinn Vladimir Tarasenko Ryan Ellis Kevin Shattenkirk
Goaltenders
Starting : John Gibson
Backup : Maxime Daigneault
Extra Forwards
Normal : Brandon Sutter, Michael Latta, Garnet Hathaway - PP : Brandon Sutter, Michael Latta - PK : Brandon Sutter
Extra Defensemen
Normal : Yann Sauvé, Dylan McIlrath, Gabriel Carlsson - PP : Yann Sauvé - PK : Yann Sauvé, Dylan McIlrath
Penalty Shots
Vladimir Tarasenko, Brayden Schenn, Brock McGinn, Kellan Lain, Brandon Sutter
Custom OT Lines Forwards
Vladimir Tarasenko, Brayden Schenn, Brock McGinn, Kellan Lain, Brandon Sutter, Michael Latta, Garnet Hathaway, Jason Akeson, Emerson Etem, Jamie Arniel
Custom OT Lines Defensemen
Ryan Ellis, Kevin Shattenkirk, Nikita Zadorov, Yann Sauvé, Dylan McIlrath
Scratches
Jordan Greenway (Healthy), Pavel Kraskovsky (Healthy)
Senateurs
5 vs 5 Forward
Center Left Wing Right Wing Time % Phy DF OF
1 Nick Bjugstad Alex Iafallo Jesse Puljujarvi 40 0 2 3
2 Adam Henrique Zachary Sanford Michael Frolik 30 0 2 3
3 Quinton Howden Jordan Martinook Richard Panik 20 1 2 2
4 Christoph Bertschy Jeremy Morin Riley Sheahan 10 1 2 2
5 vs 5 Defense
Defense Defense Time % Phy DF OF
1 Jake Gardiner Zach Bogosian 40 0 2 3
2 Jared Cowen Eric Gelinas 30 0 2 3
3 Brendan Smith Anton Lindholm 20 1 3 1
4 Jake Gardiner Jared Cowen 10 1 3 1
PowerPlay Forward
Center Left Wing Right Wing Time % Phy DF OF
1 Nick Bjugstad Alex Iafallo Michael Frolik 60 0 2 3
2 Adam Henrique Zachary Sanford Jesse Puljujarvi 40 0 1 4
PowerPlay Defense
Defense Defense Time % Phy DF OF
1 Jake Gardiner Zach Bogosian 60 1 1 3
2 Eric Gelinas Jared Cowen 40 1 1 3
Penalty Kill 4 Players Forward
Center Wing Time % Phy DF OF
1 Quinton Howden Richard Panik 60 1 3 1
2 Christoph Bertschy Jordan Martinook 40 1 3 1
Penalty Kill 4 Players Defense
Defense Defense Time % Phy DF OF
1 Brendan Smith Zach Bogosian 60 1 3 1
2 Anton Lindholm Jared Cowen 40 1 3 1
Penalty Kill - 3 Players Forward
Forward Time % Phy DF OF
1 Quinton Howden 60 0 5 0
2 Richard Panik 40 0 5 0
Penalty Kill - 3 Players Defense
Defense Defense Time % Phy DF OF
1 Brendan Smith Zach Bogosian 60 0 5 0
2 Anton Lindholm Jared Cowen 40 0 5 0
4 vs 4 Forward
Center Wing Time % Phy DF OF
1 Nick Bjugstad Jesse Puljujarvi 60 0 2 3
2 Quinton Howden Richard Panik 40 0 2 3
4 vs 4 Defense
Defense Defense Time % Phy DF OF
1 Jake Gardiner Zach Bogosian 60 1 3 1
2 Eric Gelinas Jared Cowen 40 1 3 1
Last Minutes Offensive
Center Left Wing Right Wing Defense Defense
Adam Henrique Alex Iafallo Michael Frolik Jake Gardiner Jared Cowen
Last Minutes Defensive
Center Left Wing Right Wing Defense Defense
Adam Henrique Alex Iafallo Michael Frolik Jake Gardiner Jared Cowen
Goaltenders
Starting : Mikko Koskinen
Backup : Martin Jones
Extra Forwards
Normal : Alex Iafallo, Richard Panik, Jordan Martinook - PP : Alex Iafallo, Richard Panik - PK : Alex Iafallo
Extra Defensemen
Normal : Eric Gelinas, Brendan Smith, Anton Lindholm - PP : Eric Gelinas - PK : Eric Gelinas, Brendan Smith
Penalty Shots
Adam Henrique, Nick Bjugstad, Michael Frolik, Riley Sheahan, Alex Iafallo
Custom OT Lines Forwards
Adam Henrique, Nick Bjugstad, Michael Frolik, Riley Sheahan, Alex Iafallo, Richard Panik, Jordan Martinook, Quinton Howden, Jeremy Morin, Zachary Sanford
Custom OT Lines Defensemen
Zach Bogosian, Jared Cowen, Jake Gardiner, Eric Gelinas, Brendan Smith
Scratches
Dennis Everberg (Healthy), Gustav Nyquist (Healthy)
% Time on Ice - Islanders
Lines # - Real PCT - Wanted PCT - Time Play
Normal Forward
1 - 36% - 40% - 18:36
2 - 27% - 30% - 14:02
3 - 23% - 20% - 12:00
4 - 14% - 10% - 7:26
Normal Defense
1 - 38% - 40% - 19:48
2 - 34% - 30% - 17:44
3 - 24% - 20% - 12:41
4 - 4% - 10% - 1:51
PP Forward
1 - 50% - 60% - 2:00
2 - 50% - 40% - 1:58
PP Defense
1 - 74% - 60% - 2:55
2 - 26% - 40% - 1:03
PK Forward
1 - 82% - 60% - 3:14
2 - 18% - 40% - 0:44
PK Defense
1 - 55% - 60% - 2:11
2 - 45% - 40% - 1:47
PK3 Forward
1 - 0% - 60%
2 - 0% - 40%
PK3 Defense
1 - 0% - 60%
2 - 0% - 40%
44 Forward
1 - 0% - 60%
2 - 0% - 40%
44 Defense
1 - 0% - 60%
2 - 0% - 40%
Last Minute Offensive - 0:00
Last Minute Defensive - 0:00
Total
Forward - 60:00
Defense - 60:00
|
% Time on Ice - Senateurs
Lines # - Real PCT - Wanted PCT - Time Play
Normal Forward
1 - 34% - 40% - 17:40
2 - 26% - 30% - 13:21
3 - 24% - 20% - 12:21
4 - 17% - 10% - 8:42
Normal Defense
1 - 39% - 40% - 20:12
2 - 33% - 30% - 17:00
3 - 24% - 20% - 12:21
4 - 5% - 10% - 2:31
PP Forward
1 - 49% - 60% - 1:56
2 - 51% - 40% - 2:02
PP Defense
1 - 59% - 60% - 2:20
2 - 41% - 40% - 1:38
PK Forward
1 - 68% - 60% - 2:43
2 - 32% - 40% - 1:15
PK Defense
1 - 54% - 60% - 2:08
2 - 46% - 40% - 1:50
PK3 Forward
1 - 0% - 60%
2 - 0% - 40%
PK3 Defense
1 - 0% - 60%
2 - 0% - 40%
44 Forward
1 - 0% - 60%
2 - 0% - 40%
44 Defense
1 - 0% - 60%
2 - 0% - 40%
Last Minute Offensive - 0:00
Last Minute Defensive - 0:00
Total
Forward - 60:00
Defense - 60:00
|
Play-by-Play
1st period
0:01 of 1st period - Brayden Schenn wins face-off versus Nick Bjugstad in neutral zone.
0:26 of 1st period - Alex Iafallo is hit by Emerson Etem and loses puck.
0:42 of 1st period - Minor Penalty to Alex Iafallo for High sticking.
0:43 of 1st period - Brayden Schenn wins face-off versus Quinton Howden in Senateurs zone.
1:33 of 1st period - Jared Cowen is hit by Nikita Zadorov and loses puck.
2:42 of 1st period - Penalty to Alex Iafallo is over, Alex Iafallo is back on ice.
3:04 of 1st period - Snap shot by Michael Frolik.
3:04 of 1st period - Shot Misses the Net.
3:06 of 1st period - Snap shot by Michael Frolik.
3:06 of 1st period - Shot Blocked by Gabriel Carlsson.
3:08 of 1st period - Snap shot by Adam Henrique.
3:08 of 1st period - Shot Blocked by Gabriel Carlsson.
3:18 of 1st period - Snap shot by Alex Iafallo.
3:18 of 1st period - Shot Misses the Net.
3:48 of 1st period - Nikita Zadorov is hit by Christoph Bertschy and loses puck.
4:59 of 1st period - Vladimir Tarasenko is hit by Nick Bjugstad and loses puck.
5:25 of 1st period - Slapshot by Quinton Howden.
5:25 of 1st period - Shot Misses the Net.
5:53 of 1st period - Kevin Shattenkirk is hit by Jared Cowen.
5:59 of 1st period - Christoph Bertschy is hit by Brian Ferlin and loses puck.
7:03 of 1st period - Brock McGinn is hit by Christoph Bertschy.
7:07 of 1st period - Dylan McIlrath is hit by Eric Gelinas and loses puck.
7:43 of 1st period - Jesse Puljujarvi is hit by Nikita Zadorov and loses puck.
7:50 of 1st period - Yann Sauvé is hit by Jake Gardiner and loses puck.
7:57 of 1st period - Snap shot by Nick Bjugstad.
7:57 of 1st period - Shot Blocked by Nikita Zadorov.
8:17 of 1st period - Slapshot by Brock McGinn.
8:17 of 1st period - Stopped by Mikko Koskinen with a rebound.
8:31 of 1st period - Nick Bjugstad is hit by Nikita Zadorov and loses puck.
9:18 of 1st period - Brock McGinn is hit by Jared Cowen and loses puck.
9:23 of 1st period - Slapshot by Alex Iafallo.
9:23 of 1st period - Shot Blocked by Nikita Zadorov.
9:25 of 1st period - Snap shot by Nick Bjugstad.
9:25 of 1st period - Stopped by John Gibson without a rebound.
9:26 of 1st period - Adam Henrique wins face-off versus Brandon Sutter in Islanders zone.
9:53 of 1st period - Snap shot by Christoph Bertschy.
9:53 of 1st period - Deflect By Jeremy Morin.
9:53 of 1st period - Stopped by John Gibson without a rebound.
9:54 of 1st period - Emerson Etem wins face-off versus Christoph Bertschy in Islanders zone.
10:07 of 1st period - Snap shot by Emerson Etem.
10:07 of 1st period - Stopped by Mikko Koskinen with a rebound.
10:09 of 1st period - Wrist shot by Jason Akeson.
10:09 of 1st period - Shot Misses the Net.
12:23 of 1st period - Jason Akeson is hit by Zach Bogosian and loses puck.
12:58 of 1st period - Garnet Hathaway is hit by Jesse Puljujarvi.
13:13 of 1st period - Icing by Christoph Bertschy.
13:14 of 1st period - Adam Henrique wins face-off versus Michael Latta in Senateurs zone.
13:23 of 1st period - Michael Frolik is hit by Dylan McIlrath and loses puck.
13:34 of 1st period - Brandon Sutter is hit by Richard Panik and loses puck.
13:59 of 1st period - Jared Cowen is hit by Brian Ferlin and loses puck.
14:32 of 1st period - Anton Lindholm is hit by Yann Sauvé.
14:56 of 1st period - Wrist shot by Jordan Martinook.
14:56 of 1st period - Stopped by John Gibson with a rebound.
15:16 of 1st period - Slapshot by Ryan Ellis.
15:16 of 1st period - Stopped by Mikko Koskinen with a rebound.
15:58 of 1st period - Wrist shot by Michael Latta.
15:58 of 1st period - Shot Blocked by Zach Bogosian.
16:32 of 1st period - Wrist shot by Garnet Hathaway.
16:32 of 1st period - Shot Blocked by Eric Gelinas.
16:56 of 1st period - Wrist shot by Adam Henrique.
16:56 of 1st period - Shot Blocked by Yann Sauvé.
17:06 of 1st period - Slapshot by Adam Henrique.
17:06 of 1st period - Stopped by John Gibson with a rebound.
17:23 of 1st period - Slapshot by Zach Bogosian.
17:23 of 1st period - Shot Blocked by Yann Sauvé.
17:25 of 1st period - Snap shot by Riley Sheahan.
17:25 of 1st period - Shot Misses the Net.
17:27 of 1st period - Snap shot by Riley Sheahan.
17:27 of 1st period - Stopped by John Gibson with a rebound.
18:44 of 1st period - Dylan McIlrath is hit by Richard Panik and loses puck.
19:04 of 1st period - Brian Ferlin is hit by Jared Cowen and loses puck.
19:19 of 1st period - Nick Bjugstad is hit by Jason Akeson and loses puck.
19:45 of 1st period - Wrist shot by Christoph Bertschy.
19:45 of 1st period - Stopped by John Gibson with a rebound.
Goals for this period are 0 for Islanders vs 0 for Senateurs.
Shots for this period are 3 for Islanders vs 6 for Senateurs.
2nd period
0:01 of 2nd period - Nick Bjugstad wins face-off versus Brayden Schenn in neutral zone.
0:11 of 2nd period - Slapshot by Alex Iafallo.
0:11 of 2nd period - Stopped by John Gibson without a rebound.
0:12 of 2nd period - Nick Bjugstad wins face-off versus Brayden Schenn in Islanders zone.
0:39 of 2nd period - Jesse Puljujarvi is hit by Ryan Ellis and loses puck.
0:50 of 2nd period - Wrist shot by Michael Latta.
0:50 of 2nd period - Shot Misses the Net.
0:52 of 2nd period - Slapshot by Emerson Etem.
0:52 of 2nd period - Deflect By Jason Akeson.
0:52 of 2nd period - Shot Blocked by Jake Gardiner.
0:52 of 2nd period - Puck is out of play.
0:53 of 2nd period - Adam Henrique wins face-off versus Brayden Schenn in Senateurs zone.
0:53 of 2nd period - Adam Henrique is hit by Brayden Schenn.
1:09 of 2nd period - Snap shot by Brock McGinn.
1:09 of 2nd period - Shot Misses the Net.
1:30 of 2nd period - Snap shot by Richard Panik.
1:30 of 2nd period - Stopped by John Gibson with a rebound.
1:32 of 2nd period - Slapshot by Jared Cowen.
1:32 of 2nd period - Stopped by John Gibson without a rebound.
1:33 of 2nd period - Brayden Schenn wins face-off versus Nick Bjugstad in Islanders zone.
1:44 of 2nd period - Snap shot by Ryan Ellis.
1:44 of 2nd period - Stopped by Mikko Koskinen with a rebound.
1:46 of 2nd period - Snap shot by Kevin Shattenkirk.
1:46 of 2nd period - Stopped by Mikko Koskinen with a rebound.
1:48 of 2nd period - Slapshot by Brock McGinn.
1:48 of 2nd period - Stopped by Mikko Koskinen without a rebound.
1:49 of 2nd period - Adam Henrique wins face-off versus Brandon Sutter in Senateurs zone.
1:56 of 2nd period - Wrist shot by Adam Henrique.
1:56 of 2nd period - Stopped by John Gibson without a rebound.
1:57 of 2nd period - Brandon Sutter wins face-off versus Adam Henrique in Islanders zone.
2:10 of 2nd period - Icing by Brandon Sutter.
2:11 of 2nd period - Nick Bjugstad wins face-off versus Brandon Sutter in Islanders zone.
2:14 of 2nd period - Wrist shot by Nick Bjugstad.
2:14 of 2nd period - Stopped by John Gibson with a rebound.
2:16 of 2nd period - Snap shot by Nick Bjugstad.
2:16 of 2nd period - Shot Misses the Net.
2:18 of 2nd period - Snap shot by Alex Iafallo.
2:18 of 2nd period - Stopped by John Gibson without a rebound.
2:19 of 2nd period - Nick Bjugstad wins face-off versus Brayden Schenn in Islanders zone.
2:20 of 2nd period - Snap shot by Alex Iafallo.
2:20 of 2nd period - Goal by Alex Iafallo - Islanders : 0 - Senateurs : 1.
2:21 of 2nd period - Brayden Schenn wins face-off versus Nick Bjugstad in neutral zone.
2:48 of 2nd period - Zachary Sanford is hit by Brandon Sutter and loses puck.
3:06 of 2nd period - Off-side.
3:07 of 2nd period - Michael Latta wins face-off versus Quinton Howden in neutral zone.
3:59 of 2nd period - Yann Sauvé is hit by Brendan Smith and loses puck.
4:20 of 2nd period - Slapshot by Zach Bogosian.
4:20 of 2nd period - Shot Blocked by Sergei Plotnikov.
4:22 of 2nd period - Wrist shot by Christoph Bertschy.
4:22 of 2nd period - Stopped by John Gibson without a rebound.
4:23 of 2nd period - Brayden Schenn wins face-off versus Nick Bjugstad in Islanders zone.
4:23 of 2nd period - Brayden Schenn is hit by Nick Bjugstad.
4:29 of 2nd period - Snap shot by Brayden Schenn.
4:29 of 2nd period - Shot Blocked by Jared Cowen.
4:49 of 2nd period - Brandon Sutter is hit by Adam Henrique.
4:57 of 2nd period - Snap shot by Michael Frolik.
4:57 of 2nd period - Deflect By Zachary Sanford.
4:57 of 2nd period - Shot Blocked by Brandon Sutter.
4:57 of 2nd period - Puck is out of play.
4:58 of 2nd period - Adam Henrique wins face-off versus Brayden Schenn in Islanders zone.
5:02 of 2nd period - Wrist shot by Zachary Sanford.
5:02 of 2nd period - Shot Misses the Net.
5:04 of 2nd period - Slapshot by Brendan Smith.
5:04 of 2nd period - Stopped by John Gibson without a rebound.
5:05 of 2nd period - Adam Henrique wins face-off versus Brayden Schenn in Islanders zone.
5:24 of 2nd period - Snap shot by Adam Henrique.
5:24 of 2nd period - Shot Misses the Net.
5:26 of 2nd period - Slapshot by Adam Henrique.
5:26 of 2nd period - Stopped by John Gibson with a rebound.
5:38 of 2nd period - Wrist shot by Vladimir Tarasenko.
5:38 of 2nd period - Stopped by Mikko Koskinen with a rebound.
5:40 of 2nd period - Backhand shot by Gabriel Carlsson.
5:40 of 2nd period - Stopped by Mikko Koskinen without a rebound.
5:41 of 2nd period - Brandon Sutter wins face-off versus Alex Iafallo in Senateurs zone.
5:58 of 2nd period - Ryan Ellis is hit by Jesse Puljujarvi and loses puck.
6:10 of 2nd period - Zach Bogosian is hit by Kevin Shattenkirk.
6:14 of 2nd period - Slapshot by Quinton Howden.
6:14 of 2nd period - Goal by Quinton Howden - Islanders : 0 - Senateurs : 2.
6:15 of 2nd period - Brayden Schenn wins face-off versus Nick Bjugstad in neutral zone.
7:08 of 2nd period - Snap shot by Quinton Howden.
7:08 of 2nd period - Deflect By Jordan Martinook.
7:08 of 2nd period - Shot Blocked by Nikita Zadorov.
7:08 of 2nd period - Puck is out of play.
7:09 of 2nd period - Brayden Schenn wins face-off versus Quinton Howden in Islanders zone.
7:09 of 2nd period - Brayden Schenn is hit by Brendan Smith.
7:46 of 2nd period - Slapshot by Anton Lindholm.
7:46 of 2nd period - Stopped by John Gibson without a rebound.
7:47 of 2nd period - Brayden Schenn wins face-off versus Adam Henrique in Islanders zone.
8:21 of 2nd period - Wrist shot by Vladimir Tarasenko.
8:21 of 2nd period - Shot Blocked by Jordan Martinook.
8:39 of 2nd period - Jared Cowen is hit by Dylan McIlrath and loses puck.
9:17 of 2nd period - Wrist shot by Michael Frolik.
9:17 of 2nd period - Shot Misses the Net.
9:19 of 2nd period - Wrist shot by Anton Lindholm.
9:19 of 2nd period - Stopped by John Gibson without a rebound.
9:20 of 2nd period - Adam Henrique wins face-off versus Jamie Arniel in Islanders zone.
9:21 of 2nd period - Wrist shot by Zachary Sanford.
9:21 of 2nd period - Deflect By Michael Frolik.
9:21 of 2nd period - Shot Misses the Net.
9:21 of 2nd period - Puck is out of play.
9:22 of 2nd period - Nick Bjugstad wins face-off versus Jamie Arniel in Islanders zone.
9:23 of 2nd period - Wrist shot by Alex Iafallo.
9:23 of 2nd period - Shot Blocked by Ryan Ellis.
9:25 of 2nd period - Snap shot by Jesse Puljujarvi.
9:25 of 2nd period - Stopped by John Gibson without a rebound.
9:26 of 2nd period - Brayden Schenn wins face-off versus Nick Bjugstad in Islanders zone.
9:39 of 2nd period - Wrist shot by Brayden Schenn.
9:39 of 2nd period - Stopped by Mikko Koskinen with a rebound.
10:21 of 2nd period - Richard Panik is hit by Michael Latta and loses puck.
10:42 of 2nd period - Snap shot by Kevin Shattenkirk.
10:42 of 2nd period - Stopped by Mikko Koskinen without a rebound.
10:43 of 2nd period - Brayden Schenn wins face-off versus Christoph Bertschy in Senateurs zone.
11:53 of 2nd period - Snap shot by Zachary Sanford.
11:53 of 2nd period - Shot Blocked by Nikita Zadorov.
12:19 of 2nd period - Snap shot by Brayden Schenn.
12:19 of 2nd period - Stopped by Mikko Koskinen with a rebound.
12:21 of 2nd period - Wrist shot by Brayden Schenn.
12:21 of 2nd period - Stopped by Mikko Koskinen with a rebound.
12:23 of 2nd period - Snap shot by Nikita Zadorov.
12:23 of 2nd period - Deflect By Vladimir Tarasenko.
12:23 of 2nd period - Stopped by Mikko Koskinen without a rebound.
12:24 of 2nd period - Brandon Sutter wins face-off versus Nick Bjugstad in Senateurs zone.
12:33 of 2nd period - Slapshot by Brandon Sutter.
12:33 of 2nd period - Stopped by Mikko Koskinen with a rebound.
12:35 of 2nd period - Wrist shot by Brandon Sutter.
12:35 of 2nd period - Stopped by Mikko Koskinen with a rebound.
12:37 of 2nd period - Slapshot by Ryan Ellis.
12:37 of 2nd period - Goal by Ryan Ellis - Islanders : 1 - Senateurs : 2.
12:38 of 2nd period - Nick Bjugstad wins face-off versus Brayden Schenn in neutral zone.
13:05 of 2nd period - Jesse Puljujarvi is hit by Emerson Etem and loses puck.
13:14 of 2nd period - Snap shot by Michael Latta.
13:14 of 2nd period - Shot Misses the Net.
13:16 of 2nd period - Slapshot by Dylan McIlrath.
13:16 of 2nd period - Shot Misses the Net.
13:18 of 2nd period - Wrist shot by Jason Akeson.
13:18 of 2nd period - Shot Misses the Net.
13:46 of 2nd period - Minor Penalty to Garnet Hathaway for Roughing.
13:47 of 2nd period - Nick Bjugstad wins face-off versus Brayden Schenn in Islanders zone.
15:38 of 2nd period - Michael Frolik is hit by Emerson Etem and loses puck.
15:46 of 2nd period - Penalty to Garnet Hathaway is over, Garnet Hathaway is back on ice.
16:12 of 2nd period - Slapshot by Zach Bogosian.
16:12 of 2nd period - Shot Blocked by Garnet Hathaway.
16:14 of 2nd period - Snap shot by Riley Sheahan.
16:14 of 2nd period - Shot Blocked by Brandon Sutter.
16:36 of 2nd period - Wrist shot by Richard Panik.
16:36 of 2nd period - Stopped by John Gibson without a rebound.
16:37 of 2nd period - Brayden Schenn wins face-off versus Quinton Howden in Islanders zone.
16:55 of 2nd period - Wrist shot by Quinton Howden.
16:55 of 2nd period - Shot Blocked by Brayden Schenn.
16:57 of 2nd period - Snap shot by Jared Cowen.
16:57 of 2nd period - Shot Blocked by Nikita Zadorov.
16:59 of 2nd period - Slapshot by Quinton Howden.
16:59 of 2nd period - Shot Misses the Net.
17:13 of 2nd period - Snap shot by Brayden Schenn.
17:13 of 2nd period - Shot Misses the Net.
17:15 of 2nd period - Backhand shot by Nikita Zadorov.
17:15 of 2nd period - Stopped by Mikko Koskinen without a rebound.
17:16 of 2nd period - Alex Iafallo wins face-off versus Michael Latta in Senateurs zone.
18:03 of 2nd period - Slapshot by Eric Gelinas.
18:03 of 2nd period - Shot Blocked by Nikita Zadorov.
18:05 of 2nd period - Slapshot by Eric Gelinas.
18:05 of 2nd period - Stopped by John Gibson with a rebound.
18:07 of 2nd period - Slapshot by Christoph Bertschy.
18:07 of 2nd period - Shot Misses the Net.
18:15 of 2nd period - Wrist shot by Riley Sheahan.
18:15 of 2nd period - Shot Blocked by Brandon Sutter.
18:29 of 2nd period - Slapshot by Vladimir Tarasenko.
18:29 of 2nd period - Shot Blocked by Jordan Martinook.
18:31 of 2nd period - Slapshot by Brock McGinn.
18:31 of 2nd period - Shot Misses the Net.
18:33 of 2nd period - Snap shot by Brock McGinn.
18:33 of 2nd period - Shot Misses the Net.
18:35 of 2nd period - Slapshot by Nikita Zadorov.
18:35 of 2nd period - Stopped by Mikko Koskinen without a rebound.
18:36 of 2nd period - Nick Bjugstad wins face-off versus Brayden Schenn in Senateurs zone.
18:43 of 2nd period - Slapshot by Zach Bogosian.
18:43 of 2nd period - Shot Blocked by Vladimir Tarasenko.
18:45 of 2nd period - Wrist shot by Nick Bjugstad.
18:45 of 2nd period - Shot Misses the Net.
18:47 of 2nd period - Slapshot by Jesse Puljujarvi.
18:47 of 2nd period - Deflect By Nick Bjugstad.
18:47 of 2nd period - Stopped by John Gibson without a rebound.
18:48 of 2nd period - Brayden Schenn wins face-off versus Nick Bjugstad in Islanders zone.
18:48 of 2nd period - Brayden Schenn is hit by Alex Iafallo.
18:58 of 2nd period - Zach Bogosian is hit by Ryan Ellis and loses puck.
19:11 of 2nd period - Minor Penalty to Alex Iafallo for Hooking.
19:12 of 2nd period - Quinton Howden wins face-off versus Brayden Schenn in Senateurs zone.
Goals for this period are 1 for Islanders vs 2 for Senateurs.
Shots for this period are 15 for Islanders vs 17 for Senateurs.
3rd period
0:01 of 3rd period - Brayden Schenn wins face-off versus Quinton Howden in neutral zone.
1:11 of 3rd period - Penalty to Alex Iafallo is over, Alex Iafallo is back on ice.
1:12 of 3rd period - Wrist shot by Vladimir Tarasenko.
1:12 of 3rd period - Stopped by Mikko Koskinen without a rebound.
1:13 of 3rd period - Brock McGinn wins face-off versus Nick Bjugstad in Senateurs zone.
1:24 of 3rd period - Slapshot by Zach Bogosian.
1:24 of 3rd period - Stopped by John Gibson without a rebound.
1:25 of 3rd period - Brayden Schenn wins face-off versus Alex Iafallo in Islanders zone.
1:33 of 3rd period - Off-side.
1:34 of 3rd period - Brayden Schenn wins face-off versus Nick Bjugstad in neutral zone.
1:37 of 3rd period - Alex Iafallo is hit by Yann Sauvé and loses puck.
2:36 of 3rd period - Wrist shot by Nick Bjugstad.
2:36 of 3rd period - Stopped by John Gibson with a rebound.
2:38 of 3rd period - Slapshot by Eric Gelinas.
2:38 of 3rd period - Shot Blocked by Yann Sauvé.
2:40 of 3rd period - Wrist shot by Nick Bjugstad.
2:40 of 3rd period - Stopped by John Gibson without a rebound.
2:41 of 3rd period - Michael Frolik wins face-off versus Brandon Sutter in Islanders zone.
2:46 of 3rd period - Snap shot by Adam Henrique.
2:46 of 3rd period - Stopped by John Gibson with a rebound.
2:48 of 3rd period - Slapshot by Adam Henrique.
2:48 of 3rd period - Shot Misses the Net.
2:50 of 3rd period - Snap shot by Zachary Sanford.
2:50 of 3rd period - Deflect By Michael Frolik.
2:50 of 3rd period - Stopped by John Gibson without a rebound.
2:51 of 3rd period - Garnet Hathaway wins face-off versus Adam Henrique in Islanders zone.
2:53 of 3rd period - Minor Penalty to Garnet Hathaway for High sticking.
2:54 of 3rd period - Nick Bjugstad wins face-off versus Brayden Schenn in Islanders zone.
4:21 of 3rd period - Icing by Jake Gardiner.
4:22 of 3rd period - Nick Bjugstad wins face-off versus Brandon Sutter in Senateurs zone.
4:41 of 3rd period - Brayden Schenn is hit by Zach Bogosian and loses puck.
4:53 of 3rd period - Penalty to Garnet Hathaway is over, Garnet Hathaway is back on ice.
6:43 of 3rd period - Zach Bogosian is hit by Jamie Arniel and loses puck.
7:19 of 3rd period - Ryan Ellis is hit by Jordan Martinook.
8:01 of 3rd period - Vladimir Tarasenko is hit by Jesse Puljujarvi and loses puck.
8:42 of 3rd period - Snap shot by Jamie Arniel.
8:42 of 3rd period - Shot Misses the Net.
10:06 of 3rd period - Kevin Shattenkirk is hit by Richard Panik and loses puck.
10:26 of 3rd period - Snap shot by Nick Bjugstad.
10:26 of 3rd period - Deflect By Alex Iafallo.
10:26 of 3rd period - Shot Blocked by Brock McGinn.
10:26 of 3rd period - Puck is out of play.
10:27 of 3rd period - Nick Bjugstad wins face-off versus Brandon Sutter in Islanders zone.
10:38 of 3rd period - Slapshot by Yann Sauvé.
10:38 of 3rd period - Shot Blocked by Eric Gelinas.
10:40 of 3rd period - Wrist shot by Kellan Lain.
10:40 of 3rd period - Goal by Kellan Lain - Islanders : 2 - Senateurs : 2.
10:41 of 3rd period - Brayden Schenn wins face-off versus Jesse Puljujarvi in neutral zone.
11:30 of 3rd period - Wrist shot by Richard Panik.
11:30 of 3rd period - Stopped by John Gibson without a rebound.
11:31 of 3rd period - Michael Latta wins face-off versus Quinton Howden in Islanders zone.
11:31 of 3rd period - Michael Latta is hit by Eric Gelinas.
11:55 of 3rd period - Slapshot by Emerson Etem.
11:55 of 3rd period - Shot Blocked by Jared Cowen.
12:45 of 3rd period - Snap shot by Richard Panik.
12:45 of 3rd period - Shot Misses the Net.
12:47 of 3rd period - Slapshot by Jared Cowen.
12:47 of 3rd period - Stopped by John Gibson without a rebound.
12:48 of 3rd period - Nick Bjugstad wins face-off versus Brayden Schenn in Islanders zone.
13:20 of 3rd period - Kevin Shattenkirk is hit by Adam Henrique and loses puck.
13:58 of 3rd period - Brock McGinn is hit by Jesse Puljujarvi and loses puck.
14:15 of 3rd period - Kellan Lain is hit by Eric Gelinas and loses puck.
14:38 of 3rd period - Snap shot by Jeremy Morin.
14:38 of 3rd period - Shot Misses the Net.
15:57 of 3rd period - Icing by Jordan Martinook.
15:58 of 3rd period - Brayden Schenn wins face-off versus Richard Panik in Senateurs zone.
16:47 of 3rd period - Snap shot by Quinton Howden.
16:47 of 3rd period - Stopped by John Gibson without a rebound.
16:48 of 3rd period - Nick Bjugstad wins face-off versus Michael Latta in Islanders zone.
18:54 of 3rd period - Wrist shot by Richard Panik.
18:54 of 3rd period - Stopped by John Gibson without a rebound.
18:55 of 3rd period - Brayden Schenn wins face-off versus Alex Iafallo in Islanders zone.
19:05 of 3rd period - Off-side.
19:06 of 3rd period - Michael Latta wins face-off versus Jordan Martinook in neutral zone.
19:18 of 3rd period - Yann Sauvé is hit by Zach Bogosian and loses puck.
19:33 of 3rd period - Yann Sauvé is hit by Jake Gardiner and loses puck.
19:44 of 3rd period - Wrist shot by Adam Henrique.
19:44 of 3rd period - Shot Blocked by Yann Sauvé.
Goals for this period are 1 for Islanders vs 0 for Senateurs.
Shots for this period are 2 for Islanders vs 9 for Senateurs.
Overtime #1
0:01 of 1st overtime period - Adam Henrique wins face-off versus Brayden Schenn in neutral zone.
0:08 of 1st overtime period - Slapshot by Vladimir Tarasenko.
0:08 of 1st overtime period - Deflect By Brayden Schenn.
0:08 of 1st overtime period - Shot Misses the Net.
0:08 of 1st overtime period - Puck is out of play.
0:09 of 1st overtime period - Adam Henrique wins face-off versus Brayden Schenn in Senateurs zone.
0:34 of 1st overtime period - Slapshot by Ryan Ellis.
0:34 of 1st overtime period - Shot Misses the Net.
0:46 of 1st overtime period - Wrist shot by Vladimir Tarasenko.
0:46 of 1st overtime period - Shot Blocked by Zach Bogosian.
0:54 of 1st overtime period - Wrist shot by Vladimir Tarasenko.
0:54 of 1st overtime period - Stopped by Mikko Koskinen without a rebound.
0:55 of 1st overtime period - Kellan Lain wins face-off versus Riley Sheahan in Senateurs zone.
1:02 of 1st overtime period - Snap shot by Kellan Lain.
1:02 of 1st overtime period - Shot Misses the Net.
1:04 of 1st overtime period - Wrist shot by Brock McGinn.
1:04 of 1st overtime period - Shot Misses the Net.
1:06 of 1st overtime period - Wrist shot by Brock McGinn.
1:06 of 1st overtime period - Deflect By Jared Cowen.
1:06 of 1st overtime period - Shot Misses the Net.
1:06 of 1st overtime period - Puck is out of play.
1:07 of 1st overtime period - Adam Henrique wins face-off versus Brayden Schenn in Senateurs zone.
1:30 of 1st overtime period - Slapshot by Brock McGinn.
1:30 of 1st overtime period - Shot Misses the Net.
1:32 of 1st overtime period - Slapshot by Kevin Shattenkirk.
1:32 of 1st overtime period - Shot Blocked by Michael Frolik.
2:25 of 1st overtime period - Wrist shot by Michael Frolik.
2:25 of 1st overtime period - Stopped by John Gibson without a rebound.
2:26 of 1st overtime period - Riley Sheahan wins face-off versus Brandon Sutter in Islanders zone.
2:35 of 1st overtime period - Snap shot by Michael Latta.
2:35 of 1st overtime period - Shot Misses the Net.
2:52 of 1st overtime period - Off-side.
2:53 of 1st overtime period - Adam Henrique wins face-off versus Brayden Schenn in neutral zone.
3:24 of 1st overtime period - Wrist shot by Michael Frolik.
3:24 of 1st overtime period - Deflect By Riley Sheahan.
3:24 of 1st overtime period - Shot Misses the Net.
3:24 of 1st overtime period - Puck is out of play.
3:25 of 1st overtime period - Kellan Lain wins face-off versus Riley Sheahan in Islanders zone.
3:38 of 1st overtime period - Snap shot by Brock McGinn.
3:38 of 1st overtime period - Stopped by Mikko Koskinen with a rebound.
4:40 of 1st overtime period - Slapshot by Brandon Sutter.
4:40 of 1st overtime period - Stopped by Mikko Koskinen with a rebound.
4:42 of 1st overtime period - Wrist shot by Michael Latta.
4:42 of 1st overtime period - Stopped by Mikko Koskinen without a rebound.
4:43 of 1st overtime period - Brandon Sutter wins face-off versus Adam Henrique in Senateurs zone.
4:44 of 1st overtime period - Wrist shot by Michael Latta.
4:44 of 1st overtime period - Deflect By Brandon Sutter.
4:44 of 1st overtime period - Goal by Brandon Sutter - Islanders : 3 - Senateurs : 2.
Goals for this period are 1 for Islanders vs 0 for Senateurs.
Shots for this period are 5 for Islanders vs 1 for Senateurs.